 Dungeon Crawl Stone Soup version 0.22-a0-388-g09e6169 (webtiles) character file.

921 GoochMcTaint the Chopper (level 8, -12/70 HPs)
             Began as a Hill Orc Fighter on Apr 29, 2018.
             Was a Follower of Beogh.
             Mangled by an ogre
             ... wielding a +0 giant club
              (15 damage)
             ... on level 5 of the Dungeon.
             The game lasted 00:09:41 (4367 turns).

GoochMcTaint the Chopper (Hill Orc Fighter)         Turns: 4367, Time: 00:09:42

Health: -12/70     AC:  8    Str: 25    XL:     8   Next: 10%
Magic:  9/9        EV:  8    Int:  8    God:    Beogh [*.....]
Gold:   348        SH: 10    Dex: 11    Spells: 7/7 levels left

rFire    + . .     SeeInvis .   a - +1 war axe
rCold    . . .     Gourm    .   c - +0 shield
rNeg     . . .     Faith    .   t - +0 scale mail
rPois    .         Spirit   .   (no helmet)
rElec    .         Reflect  .   (no cloak)
rCorr    .         Harm     .   l - +0 pair of gloves
MR       .....                  (no boots)
Stlth    ..........             (no amulet)
HPRegen  0.21/turn              g - ring of protection from fire
MPRegen  0.11/turn              (no ring)

@: mighty
A: no striking features
a: Renounce Religion


You were on level 5 of the Dungeon.
You worshipped Beogh.
Beogh was aware of your devotion.
You were not hungry.

You visited 1 branch of the dungeon, and saw 5 of its levels.

You collected 348 gold pieces.

Inventory:

Hand Weapons
 a - a +1 war axe (weapon)
 b - a +2 whip of venom
 h - a +0 glaive
Armour
 c - a +0 shield (worn)
 l - a +0 pair of gloves (worn)
 t - a +0 scale mail (worn)
Jewellery
 g - a ring of protection from fire (left hand)
Scrolls
 e - 3 scrolls of fog {unknown}
 i - 2 scrolls of identify
 j - a scroll of fear {unknown}
 k - 2 scrolls of teleportation
 n - a scroll of enchant armour {unknown}
 o - a scroll of noise {unknown}
 q - a scroll of remove curse
 s - a scroll of enchant weapon
Potions
 m - 3 potions of heal wounds {unknown}
 p - a potion of mutation
 r - 2 potions of agility {unknown}
Comestibles
 f - 5 rations


   Skills:
 + Level 6.0 Fighting
 * Level 7.7 Axes
 + Level 5.4 Armour
 + Level 5.4 Shields
 + Level 1.4 Invocations


You had 7 spell levels left.
You didn't know any spells.

Dungeon Overview and Level Annotations

Branches:
Dungeon (5/15)             Temple (0/1) D:4

Altars:
Fedhas
Kikubaaqudgha
Okawaru
Uskayaw


Message History

You closely miss the ogre. You block the ogre's attack.
You barely miss the ogre. The ogre hits you with a giant club!!
* * * LOW HITPOINT WARNING * * *
Your shield and scale mail prevent you from hitting the ogre.
You block the ogre's attack.
You hit the ogre.
The ogre is lightly wounded.
You block the ogre's attack.
You feel very mighty all of a sudden.
You hit the ogre.
The ogre is moderately wounded.
The ogre hits you with a giant club!!
* * * LOW HITPOINT WARNING * * *
You closely miss the ogre.
The ogre is moderately wounded.
The ogre closely misses you.
You slash the ogre!
The ogre is almost dead.
The ogre hits you with a giant club!
You die...

.......###.## #..###..# #§§§
.##.#.## ##.# #.......######.§≈
....##.###.## #..............#§
.######.#.## #......########## (#
##..# #...........# # (# ##>#
#.#...#####.# # .# #.# #.##.##
#.# # )#### #.# ##O##.# #.# #
)...#####.######@#.#.######.# ###
###.............###.....)...###.#
# #######.######.#.#......#.....#
# #...######.#######...###.# #
#............#####.......# #
#...######.#.#.......###.' #
##### #.#.#.###.### #.' ##
#.#.#.# #.# #.# .# ####.#.#.###.#
#.#


You could see an ogre.

Vanquished Creatures
  A centaur (D:5)
  3 ogres
  A bullfrog (D:3)
  A scorpion (D:5)
  A crimson imp (D:5)
  A centaur zombie (D:5)
  2 hounds
  2 orc priests
  A centaur skeleton (D:5)
  2 worker ants (D:3)
  A howler monkey skeleton (D:4)
  7 adders
  3 oozes
  3 adder skeletons (D:4)
  A worm (D:2)
  2 dart slugs
  5 leopard geckos
  16 orcs
  11 bats
  5 giant cockroaches
  3 goblins
  6 hobgoblins
  9 jackals
  10 kobolds
  4 quokkas
  2 ball pythons
  7 frilled lizards
  6 rats
  A withered plant (D:4)
117 creatures vanquished.

Notes
Turn   | Place    | Note
-------+----------+-------------------------------------------
     0 | D:1      | GoochMcTaint the Hill Orc Fighter began the quest for the Orb.
     0 | D:1      | Reached XP level 1. HP: 19/19 MP: 1/1
    92 | D:1      | Reached skill level 3 in Axes
   142 | D:1      | Reached XP level 2. HP: 24/27 MP: 2/2
   452 | D:1      | Reached XP level 3. HP: 32/33 MP: 3/3
  1047 | D:2      | Reached skill level 4 in Axes
  1066 | D:2      | Reached XP level 4. HP: 36/40 MP: 4/4
  1103 | D:2      | Found a faded altar of an unknown god.
  1726 | D:3      | Reached XP level 5. HP: 36/47 MP: 5/5
  1774 | D:3      | Reached skill level 5 in Axes
  1935 | D:3      | Reached XP level 6. HP: 48/55 MP: 6/6
  2354 | D:3      | Became a worshipper of Beogh the Brigand
  2788 | D:4      | Reached skill level 5 in Fighting
  2788 | D:4      | Reached skill level 6 in Axes
  2872 | D:4      | Found a staircase to the Ecumenical Temple.
  2922 | D:4      | Found an ancient bone altar of Kikubaaqudgha.
  2974 | D:4      | Reached * piety under Beogh
  3145 | D:4      | Found an iron altar of Okawaru.
  3179 | D:4      | Reached XP level 7. HP: 50/61 MP: 7/7
  3396 | D:4      | Found a blossoming altar of Fedhas.
  3533 | D:4      | Noticed a hand axe
  3535 | D:4      | Found a hide-covered altar of Uskayaw.
  3535 | D:4      | Noticed a hand axe
  3608 | D:5      | Entered Level 5 of the Dungeon
  3617 | D:5      | Reached skill level 7 in Axes
  3617 | D:5      | Reached skill level 5 in Armour
  3617 | D:5      | Reached skill level 5 in Shields
  4122 | D:5      | Reached skill level 1 in Invocations
  4122 | D:5      | Reached XP level 8. HP: 59/70 MP: 7/9
  4365 | D:5      | HP: 2/70 [ogre/giant club (18)]
  4367 | D:5      | Mangled by an ogre

Vault maps used:
D:1:      elethiomel_arrival_fortress_basement
D:2:      chequers_ecumenical_altar_island, minmay_domino_4
D:4:      fedhas_altar_2, kiku_gazebo_garden_becter, okawaru_trees_2,
          dancing_weapons_uskayaw, minmay_temple_entry_hall, first_ration,
          hangedman_decor_slide_cut
D:5:      kennysheep_opposing_triangles

Skill      XL: |  1  2  3  4  5  6  7 |
---------------+----------------------+-----
Axes           | 3 4 5 6 7 |  7.7
Fighting       | 4 5 6 |  6.0
Armour         | 4 5 |  5.4
Shields        | 4 5 |  5.4
Invocations    | 1 |  1.4

Action                   |  1- 3 |  4- 6 |  7- 9 || total
-------------------------+-------+-------+-------++-------
Melee: War axe           |    95 |   217 |    90 ||   402
Invok: Convert to Beogh  |       |     1 |       ||     1
  Use: Potion            |       |     1 |     1 ||     2
       Scroll            |       |       |     9 ||     9
  Eat: Chunk             |       |     7 |     1 ||     8
       Ration            |       |       |     1 ||     1
Armor: Scale mail        |    54 |   124 |    24 ||   202
Dodge: Dodged            |    49 |    79 |    23 ||   151
Block: Shield            |    66 |   133 |    44 ||   243

Table legend:
 A = Spawn XP
 B = Non-spawn XP
 C = Spawn XP percentage of total XP
 D = Spawn monster count
 E = Non-spawn monster count
 F = Spawn count percentage of total count
 G = Total turns spent on level
                    A         B        C        D         E        F      G
               +---------+---------+-------+---------+---------+-------+---------
         Total |       0 |    1317 |   0.0 |       0 |     116 |   0.0 |  4367
               +---------+---------+-------+---------+---------+-------+---------
           D:1 |       0 |      34 |   0.0 |       0 |      16 |   0.0 |   568
           D:2 |       0 |     114 |   0.0 |       0 |      33 |   0.0 |  1075
           D:3 |       0 |     233 |   0.0 |       0 |      23 |   0.0 |  1134
           D:4 |       0 |     427 |   0.0 |       0 |      27 |   0.0 |   831
           D:5 |       0 |     509 |   0.0 |       0 |      17 |   0.0 |   759
               +---------+---------+-------+---------+---------+-------+---------
